 Dungeon Crawl Stone Soup version 0.14.0-26-g1682e81 (webtiles) character file.

6299 Leibowitz the Nimble (level 11, -6/68 HPs)
             Began as a Kobold Fighter on Apr 26, 2014.
             Was a High Priest of Trog.
             Mangled by a warg (10 damage)
             ... while paralysed by an orc sorcerer
             ... on Level 2 of the Orcish Mines.
             The game lasted 00:50:47 (13090 turns).

Leibowitz the Nimble (Kobold Fighter)              Turns: 13090, Time: 00:50:47

HP  -6/68        AC  5     Str 14      XL: 11   Next:  2%
MP   4/4         EV  3     Int  6      God: Trog [*****.]
Gold 732         SH  0     Dex 18      Spells:  0 memorised, 10 levels left

rFire  . . .     SeeInvis .     Q - +0,+5 dagger (antimagic)
rCold  . . .     Clarity  .     G - +0 leather armour {MR+}
rNeg   . . .     Conserve .     c - +1 buckler
rPois  .         rCorr    .     N - +0 helmet
rElec  .         rRot     .     (no cloak)
SustAb . .       Spirit   .     B - +0 pair of gloves
rMut   .         Warding  .     q - +0 pair of boots
Saprov + + .     Stasis   .     o - amulet of faith
MR     +....                    (no ring)
                                x - +5 ring of evasion

@: paralysed, drained, somewhat resistant to hostile enchantments, very stealthy
A: disease resistance, carnivore 3, deformed body, saprovore 2, weak 1
a: Burn Spellbooks, Berserk, Trog's Hand, Brothers in Arms, Renounce Religion


You were on level 2 of the Orcish Mines.
You worshipped Trog.
Trog was extremely pleased with you.
You were not hungry.

You visited 3 branches of the dungeon, and saw 13 of its levels.

You collected 940 gold pieces.
You spent 208 gold pieces at shops.

Inventory:

Hand weapons
 a - a +4,+8 quick blade
 b - a +0 blowgun
 E - a +1,+2 dagger of electrocution
 H - a +3,+2 short sword of draining
 Q - a +0,+5 anti-magic dagger (weapon)
Missiles
 m - 36 poisoned needles
 t - 20 stones
 u - 3 curare-tipped needles
 y - 2 throwing nets (quivered)
Armour
 c - a +1 buckler (worn)
 q - a +0 pair of boots (worn)
 B - a +0 pair of gloves (worn)
 F - a +2 robe of positive energy
 G - a +0 leather armour of magic resistance (worn)
 N - a +0 helmet (worn)
Magical devices
 g - a wand of enslavement (11)
 n - a wand of polymorph (16)
 r - a wand of enslavement (13)
 s - a wand of flame (20)
 I - a wand of flame (2)
 J - a wand of digging (16)
 K - a wand of disintegration (9)
 L - a wand of magic darts (0)
 O - a wand of teleportation (1)
 P - a wand of magic darts (10)
Comestibles
 d - 2 meat rations
Scrolls
 e - 3 scrolls of enchant weapon II
 i - 2 scrolls of teleportation
 k - 5 scrolls of identify
 p - a scroll of enchant armour
 w - 5 scrolls of remove curse
 D - a scroll of recharging
Jewellery
 h - an uncursed amulet of resist corrosion
 o - an amulet of faith (around neck)
 x - a +5 ring of evasion (left hand)
Potions
 f - 8 potions of curing
 j - 3 potions of heal wounds
 l - 2 potions of brilliance
 v - a potion of agility
 z - a potion of magic
 A - 3 potions of restore abilities
 C - a potion of resistance
 M - a potion of berserk rage


   Skills:
 * Level 7.6(7.0) Fighting
 + Level 7.0(6.4) Short Blades
 + Level 3.9(3.3) Throwing
 + Level 3.9(3.3) Armour
 + Level 9.5(8.8) Dodging
 * Level 8.8(8.2) Stealth
 * Level 6.4(5.8) Shields
 + Level 2.1(1.6) Evocations


You had 10 spell levels left.
You didn't know any spells.

Dungeon Overview and Level Annotations

Branches:
Dungeon (10/15)            Temple (1/1) D:5             Orc (2/4) D:10
   Lair: D:8-11

Altars:
Elyvilon
Fedhas
Kikubaaqudgha
Nemelex Xobeh
Okawaru
Sif Muna
Trog
Yredelemnul
The Shining One
Lugonu

Shops:
D:4 =   D:5 *   D:6 [   D:8 (*[!*


Innate Abilities, Weirdness & Mutations

You recuperate from illness quickly.
You are small and have problems with some larger weapons.
You are carnivorous and can eat meat at any time.
You can eat rotten meat.
Armour fits poorly on your strangely shaped body.
You are weak. (Str -2)


Message History

The orc sorcerer's magic leaks into the air.
The orc sorcerer is moderately wounded.
The warg completely misses you.
The orc sorcerer gestures at you while chanting.
You suddenly lose the ability to move!
The warg bites you!
The orc sorcerer gestures at you while chanting.
The bolt of negative energy hits you!
You feel drained. The warg bites you!
* * * LOW HITPOINT WARNING * * *
The warg bites you but does no damage.
The orc sorcerer hits you but does no damage.
The warg barely misses you.
The orc sorcerer hits you with a dagger.
* * * LOW HITPOINT WARNING * * *
The warg bites you!
* * * LOW HITPOINT WARNING * * *
The orc sorcerer hits you but does no damage.
The warg bites you!
You die...

## ### ####
#..##.###..####
........#....#.##
.................#
...............#.##
........ho.....#####
.........@.......#.##
.....................#
...............#....##
....####'####......##
#.......#.......#
#.......#......##
#.......#.#..###
#≈≈≈≈≈≈≈##....#
#≈≈≈≈≈≈≈###...# ###


You could see a warg and an orc sorcerer.

Vanquished Creatures
  2 trolls
  A hydra skeleton (D:8)
  A hill giant zombie (D:8)
  A deep elf mage (D:7)
  2 wargs (Orc:2)
  3 wolves (Orc:2)
  A hill giant skeleton (D:9)
  2 necrophages
  A hungry ghost (D:10)
  The ghost of therealpatrickswayze the Chiller, an average OpIE (D:3)
  A water moccasin (D:5)
  3 ogres
  5 orc warriors
  A black bear (D:9)
  An ice beast (D:2)
  Duvessa (D:8)
  3 giant frogs
  A wyvern zombie (D:9)
  3 gnoll sergeants
  2 sky beasts
  3 killer bees (D:8)
  A troll skeleton (D:8)
  5 orc priests
  A crimson imp (D:7)
  2 quasits
  Dowan (D:8)
  A giant frog zombie (D:9)
  A goliath beetle (D:8)
  A jelly (D:9)
  2 black bear zombies
  A centaur skeleton (D:6)
  4 iguanas
  11 orc wizards
  An elf skeleton (D:8)
  4 hounds
  Ijyb (D:2)
  Jessica (D:2)
  2 centaurs
  Terence (D:2)
  17 gnolls
  6 worker ants
  9 adders
  4 shadow imps
  2 worms
  An orc skeleton (D:7)
  A giant eyeball (D:8)
  6 giant geckos
  An ooze (D:2)
  65 orcs
  A big kobold (D:5)
  3 giant cockroaches
  19 goblins
  24 hobgoblins
  16 kobolds
  5 quokkas
  3 ball pythons
  18 bats
  A giant gecko zombie (D:9)
  A giant newt (D:2)
  3 gnoll zombies (D:9)
  2 hobgoblin skeletons
  3 jackals (D:2)
  A kobold skeleton (D:8)
  12 rats
304 creatures vanquished.

Notes
Turn   | Place    | Note
--------------------------------------------------------------
     0 | D:1      | Leibowitz, the Kobold Fighter, began the quest for the Orb.
     0 | D:1      | Reached XP level 1. HP: 14/14 MP: 1/1
   209 | D:1      | Reached skill level 1 in Stealth
   209 | D:1      | Reached XP level 2. HP: 16/19 MP: 2/2
   571 | D:2      | Reached XP level 3. HP: 19/23 MP: 3/3
   574 | D:2      | Noticed Terence
   775 | D:2      | Reached skill level 1 in Dodging
  1269 | D:2      | Found a white marble altar of Elyvilon.
  1337 | D:2      | Reached XP level 4. HP: 29/29 MP: 4/4
  1561 | D:2      | Killed Terence
  1767 | D:2      | Found a blossoming altar of Fedhas.
  1767 | D:2      | Found an ancient bone altar of Kikubaaqudgha.
  1900 | D:2      | Noticed Jessica
  1920 | D:2      | Killed Jessica
  2015 | D:2      | Reached XP level 5. HP: 28/33 MP: 5/5
  2071 | D:2      | Noticed Ijyb
  2082 | D:2      | Reached skill level 4 in Fighting
  2120 | D:2      | Killed Ijyb
  2437 | D:3      | Noticed an ice beast
  2439 | D:3      | Noticed therealpatrickswayze's ghost (average OpIE)
  2461 | D:2      | Killed an ice beast
  2461 | D:2      | Reached XP level 6. HP: 11/38 MP: 6/6
  2682 | D:2      | Gained mutation: You are weak. (Str -2) [potion of mutation]
  2682 | D:2      | Gained mutation: Armour fits poorly on your strangely shaped body. [potion of mutation]
  2701 | D:3      | Killed therealpatrickswayze's ghost
  3575 | D:3      | Found a sparkling altar of Nemelex Xobeh.
  3924 | D:4      | Reached XP level 7. HP: 24/44 MP: 7/7
  4178 | D:4      | Found a deep blue altar of Sif Muna.
  4219 | D:4      | Found Bradecim's Jewellery Shop.
  4636 | D:5      | Entered Level 5 of the Dungeon
  4941 | D:5      | Found a glowing golden altar of the Shining One.
  5500 | D:5      | Found Lacann's General Store.
  5510 | D:5      | Bought 4 curare-tipped needles for 26 gold pieces
  5519 | D:5      | Reached skill level 5 in Fighting
  5682 | D:5      | Found an iron altar of Okawaru.
  5683 | D:5      | Found a bloodstained altar of Trog.
  5689 | D:5      | Became a worshipper of Trog the Wrathful
  5754 | D:5      | Found a staircase to the Ecumenical Temple.
  5765 | Temple   | Entered the Ecumenical Temple
  5931 | D:5      | Got an encrusted mace
  5932 | D:5      | Identified the +8,+6 mace of Kiusmi {holy, rC+ MR+} (You found it on level 5 of the Dungeon)
  6310 | D:5      | Reached XP level 8. HP: 49/49 MP: 8/8
  6688 | D:6      | Found Yvaotal's Armour Shop.
  7040 | D:6      | Reached skill level 5 in Dodging
  7744 | D:7      | Acquired Trog's first power
  8148 | D:7      | Found a basalt altar of Yredelemnul.
  8246 | D:7      | Reached skill level 5 in Short Blades
  8441 | D:8      | Noticed an eight-headed hydra skeleton
  8677 | D:8      | Killed a hydra skeleton
  8677 | D:8      | Reached skill level 6 in Dodging
  8677 | D:8      | Reached skill level 5 in Stealth
  8677 | D:8      | Reached XP level 9. HP: 18/55 MP: 9/9
  8999 | D:8      | Reached skill level 1 in Throwing
  9160 | D:8      | Found Arhy's Distillery.
  9164 | D:8      | Found Blem's Antique Armour Shop.
  9170 | D:8      | Acquired Trog's second power
  9178 | D:8      | Bought an embroidered robe for 17 gold pieces
  9185 | D:8      | Bought a dyed leather armour for 50 gold pieces
  9315 | D:8      | Found Joosh's General Store.
  9335 | D:8      | Reached skill level 5 in Shields
  9467 | D:8      | Found Ducvenar's Assorted Antiques.
  9497 | D:8      | Reached skill level 7 in Dodging
  9509 | D:8      | Bought a scroll labeled FOQIOT TEGI for 23 gold pieces
  9509 | D:8      | Bought a runed glass wand for 92 gold pieces
  9608 | D:8      | Paralysed by a giant eyeball for 4 turns
  9723 | D:8      | Noticed Duvessa
  9723 | D:8      | Noticed Dowan
  9726 | D:8      | Killed Dowan
  9732 | D:8      | Killed Duvessa
 10452 | D:8      | Found Rudd's Antique Weapon Emporium.
 10547 | D:8      | Reached XP level 10. HP: 58/61 MP: 11/11
 10590 | D:9      | Reached skill level 1 in Evocations
 10645 | D:9      | Reached skill level 8 in Dodging
 10818 | D:9      | Acquired Trog's third power
 11667 | D:10     | Entered Level 10 of the Dungeon
 11669 | D:10     | Found a staircase to the Orcish Mines.
 11748 | Orc:1    | Entered Level 1 of the Orcish Mines
 11989 | Orc:1    | Received a gift from Trog
 12092 | Orc:1    | Reached skill level 9 in Dodging
 13002 | Orc:2    | Reached XP level 11. HP: 59/67 MP: 14/14
 13036 | Orc:2    | Received a gift from Trog
 13055 | Orc:2    | Noticed an orc sorcerer
 13085 | Orc:2    | Paralysed by an orc sorcerer for 5 turns
 13089 | Orc:2    | HP: 3/68 [warg (7)]
 13090 | Orc:2    | Mangled by a warg

Action                   |  1- 3 |  4- 6 |  7- 9 | 10-12 || total
-------------------------+-------+-------+-------+-------++-------
Melee: Cutlass           |    96 |   276 |       |       ||   372
       Short sword       |       |    40 |   298 |       ||   338
       Mace              |       |       |    10 |       ||    10
       Dagger            |       |       |   106 |   261 ||   367
       Quick blade       |       |       |       |   194 ||   194
 Fire: Blowgun           |       |       |    83 |       ||    83
Throw: Stone             |       |     1 |     1 |       ||     2
Invok: Burn Spellbooks   |       |       |     1 |       ||     1
       Berserk           |       |       |     2 |     1 ||     3
Evoke: Wand              |       |     2 |     6 |    17 ||    25
  Use: Scroll            |       |     9 |     5 |     1 ||    15
       Potion            |       |     7 |     6 |     1 ||    14
 Stab: Sleeping          |       |     1 |     7 |     9 ||    17
       Fleeing           |       |       |       |     1 ||     1
